 Dungeon Crawl Stone Soup version 0.24-a0-549-g45f0056d81 (webtiles) character file.

Game seed: 15911537418833307779

28983 DeathSun the Severer (level 13, -3/112 (113) HPs)
             Began as a Hill Orc Monk on Aug 20, 2019.
             Was a High Priest of Qazlal.
             Slain by an 11-headed hydra (11 damage)
             ... on level 2 of the Lair of Beasts.
             The game lasted 00:49:17 (19555 turns).

DeathSun the Severer (Hill Orc Monk)               Turns: 19555, Time: 00:49:17

HP:   -3/112 (113)  AC: 12    Str: 21    XL:     13   Next: 42%
MP:   16/22         EV: 14    Int: 10    God:    Qazlal [*****.]
Gold: 652           SH:  7    Dex: 13    Spells: 12/12 levels left

rFire    . . .     SeeInvis .   K - +9 battleaxe (freeze)
rCold    . . .     Gourm    .   (shield currently unavailable)
rNeg     + . .     Faith    .   r - +3 ring mail of Perfidy {rPois Str+2}
rPois    +         Spirit   .   v - +0 helmet
rElec    .         Reflect  .   (no cloak)
rCorr    .         Harm     .   h - +0 pair of gloves
MR       +....                  (no boots)
Stlth    +.........             M - amulet of the acrobat (curse)
HPRegen  0.28/turn              f - ring of protection from magic
MPRegen  0.18/turn              p - ring of positive energy

@: repel missiles
A: no striking features
a: Upheaval, Elemental Force, Disaster Area, Renounce Religion


You were on level 2 of the Lair of Beasts.
You worshipped Qazlal.
Qazlal was extremely pleased with you.
You were hungry.

You visited 2 branches of the dungeon, and saw 15 of its levels.

You collected 652 gold pieces.

Inventory:

Hand Weapons
 K - a +9 battleaxe of freezing (weapon)
Missiles
 y - 3 silver boomerangs (quivered)
Armour
 h - a +0 pair of gloves (worn)
 r - the +3 ring mail of Perfidy (worn) {rPois Str+2}
   (You found it on level 7 of the Dungeon)

   It affects your strength (+2).
   It protects you from poison.
 v - a +0 helmet (worn)
 A - a +3 scale mail of fire resistance
Jewellery
 f - a ring of protection from magic (left hand)
 p - a ring of positive energy (right hand)
 t - an uncursed ring of stealth
 D - a +2 ring of intelligence
 J - a cursed ring of teleportation {unknown}
 L - an uncursed amulet of harm
 M - a cursed amulet of the acrobat (around neck)
 N - an uncursed ring of fire
 P - an uncursed ring of flight {unknown}
Wands
 e - a wand of random effects (31)
 i - a wand of paralysis (4)
 B - a wand of disintegration (11)
 G - a wand of digging (7)
 H - a wand of polymorph (4)
 Q - a wand of acid (18)
Scrolls
 b - 4 scrolls of teleportation
 j - 11 scrolls of remove curse
 l - 6 scrolls of fog
 m - 2 scrolls of fear
 o - 5 scrolls of amnesia
 s - 3 scrolls of identify
 u - 2 scrolls of enchant armour
 F - a scroll of vulnerability {unknown}
 I - 2 scrolls of magic mapping {unknown}
 S - a scroll of silence {unknown}
Potions
 a - a potion of might
 d - 2 potions of lignification
 g - a potion of berserk rage
 k - a potion of agility {unknown}
 n - a potion of degeneration {unknown}
 q - 2 potions of resistance
 w - 5 potions of brilliance
 x - 3 potions of flight {unknown}
 z - 2 potions of heal wounds
 C - 4 potions of curing {unknown}
 E - a potion of mutation {unknown}
 R - 2 potions of haste {unknown}
 T - 2 potions of cancellation {unknown}
Comestibles
 c - 34 rations


   Skills:
 - Level 10.0 Fighting
 * Level 18.7 Axes
 - Level 9.1 Armour
 - Level 6.0 Dodging
 - Level 1.5 Stealth
 * Level 12.7 Invocations


You had 12 spell levels left.
You didn't know any spells.
Your spell library contained the following spells:

 Spells                   Type           Power        Failure   Level  Hunger
 Animate Skeleton         Necr           N/A          50%         1    ##.....
 Pain                     Necr           #...         50%         1    ##.....
 Regeneration             Chrm/Necr      #.........   86%         3    ####...
 Vampiric Draining        Necr           #.........   86%         3    ####...
 Animate Dead             Necr           N/A          99%         4    #####..
 Bolt of Magma            Conj/Fire/Erth #.........   100%        5    ######.
 Iskenderun's Battlesphe  Conj/Chrm      #.......     100%        5    ######.
 Venom Bolt               Conj/Pois      #.........   100%        5    ######.
 Iron Shot                Conj/Erth      #.........   100%        6    #######
 Orb of Destruction       Conj           #.........   100%        7    #######
 Spellforged Servitor     Conj/Summ      #.........   100%        7    #######


Dungeon Overview and Level Annotations

Branches:
Dungeon (13/15)            Temple (0/1) D:6            Lair (2/6) D:8
 Shoals (0/4) Lair:2          Orc (0/2) D:10
  Snake: Lair:2-4    Spider: Lair:2-4    Vaults: D:13-14

Altars:
Dithmenos
Kikubaaqudgha
Makhleb
Qazlal
Yredelemnul
The Shining One

Shops:
D:9 (


Message History

Press: ? - help, Dir - move target cursor, f/p - 11-headed hydra
Aim: an 11-headed hydra (moderately wounded) That beam is likely to hit you.
Continue anyway?
A storm cloud blasts the area with cutting wind!
The cutting wind hits the 11-headed hydra!!!
The 11-headed hydra is almost dead.
The cutting wind hits you!!!
The 11-headed hydra bites you but does no damage.
The 11-headed hydra misses you. The 11-headed hydra closely misses you.
The 11-headed hydra bites you!
* * * LOW HITPOINT WARNING * * *
The 11-headed hydra barely misses you. The 11-headed hydra bites you.
* * * LOW HITPOINT WARNING * * *
The 11-headed hydra bites you!
* * * LOW HITPOINT WARNING * * *
The 11-headed hydra completely misses you.
The 11-headed hydra bites you!
* * * LOW HITPOINT WARNING * * *
The 11-headed hydra misses you. The 11-headed hydra bites you!
You die...

#......### #...........# #......
#P....##.###...........# #......
#'....'..##........>...####......
##....##[..+...........'..#.>....
≈#....####.#...........##.#......
≈#.....# ###...........##........
≈#.P..## ##.PP.####.#.##.......
###...# ####.## #####........
###.### #.@.# ##.#.#### #..# ###
##D## ##### ##..###.# ##§###
#......## #..#.# ...#..P.####
##°○# #..........## #..######
##.#...##...####..##.#.## ####
#.....####.............######P##
###.P## ####...P####...........


You could see a 11-headed hydra.

Vanquished Creatures
  4 hydras
  A centaur warrior (D:13)
  2 two-headed ogres
  The ghost of Thantalas the Fighter, a novice MiCK of Xom (D:8)
  An unseen horror (D:13)
  Pikel (D:5)
  2 ugly things
  A cyclops (D:11)
  A merfolk siren (Lair:2)
  Joseph (D:10)
  2 black mambas (Lair:1)
  2 centaur skeletons
  A gargoyle (D:11)
  5 komodo dragons
  3 trolls
  A queen bee (D:11)
  5 blink frogs (Lair:1)
  2 hornets
  4 hippogriffs
  A wraith (D:11)
  Sigmund (D:5)
  A vampire (D:12)
  A basilisk (D:8)
  13 yaks
  A human (D:10)
  A human (shapeshifter) (D:13)
  A wyvern (D:9)
  A hungry ghost (D:6)
  Grum (D:8)
  Menkaure (D:5)
  Edmund (D:4)
  A warg (D:10)
  3 soldier ants
  9 porcupines
  10 ice beasts
  9 orc warriors
  2 slaves (D:5)
  2 black bears
  A phantom (D:9)
  6 sky beasts
  3 necrophages
  4 wolves
  8 ogres
  2 centaurs
  5 crocodiles
  2 big kobolds
  16 bullfrogs
  A wyvern zombie (D:13)
  A wyvern skeleton (D:10)
  A water moccasin zombie (D:6)
  4 scorpions
  28 killer bees
  14 wights
  A howler monkey (D:4)
  2 bullfrog zombies
  6 crimson imps
  3 centaur zombies
  4 bullfrog skeletons
  6 hounds
  13 orc priests
  2 jellies (D:6)
  14 orc wizards
  Ijyb (D:4)
  4 iguanas
  19 worker ants
  A bullfrog simulacrum (D:8)
  A hound skeleton (D:4)
  Robin (D:4)
  9 adders
  9 gnolls
  4 shadow imps
  3 white imps (D:8)
  An ooze (D:1)
  6 worms
  A dart slug (D:3)
  7 leopard geckos
  64 orcs
  8 bats
  12 giant cockroaches
  20 goblins
  18 hobgoblins
  18 jackals
  16 kobolds
  7 quokkas
  3 ball pythons
  A ball python skeleton (D:4)
  4 frilled lizards
  A giant cockroach zombie (D:6)
  A leopard gecko simulacrum (D:8)
  A quokka skeleton (D:6)
  A quokka zombie (D:6)
  9 rats
  2 fungi (Lair:2)
  A plant (D:8)
501 creatures vanquished.

Vanquished Creatures (others)
  A slave (D:5)
  A jackal (D:5)
  2 fungi
  3 plants (D:8)
7 creatures vanquished.

Grand Total: 508 creatures vanquished

Notes
Turn   | Place    | Note
-------+----------+-------------------------------------------
     0 | D:1      | DeathSun the Hill Orc Monk began the quest for the Orb.
     0 | D:1      | Reached XP level 1. HP: 19/19 MP: 1/1
    50 | D:1      | Reached XP level 2. HP: 26/26 MP: 2/2
   116 | D:1      | Reached skill level 5 in Axes
   425 | D:1      | Reached XP level 3. HP: 31/31 MP: 3/3
   765 | D:1      | Reached skill level 1 in Armour
  1817 | D:2      | Reached XP level 4. HP: 35/39 MP: 4/4
  2041 | D:2      | Reached skill level 6 in Axes
  2299 | D:3      | Found a stormy altar of Qazlal.
  2332 | D:3      | Became a worshipper of Qazlal Stormbringer
  2332 | D:3      | Reached * piety under Qazlal
  2332 | D:3      | Reached ** piety under Qazlal
  2379 | D:3      | Reached skill level 1 in Invocations
  2398 | D:3      | Reached XP level 5. HP: 25/45 MP: 6/6
  2971 | D:4      | Noticed Robin
  3053 | D:4      | Killed Robin
  3199 | D:4      | Reached *** piety under Qazlal
  3234 | D:4      | Reached skill level 7 in Axes
  3299 | D:4      | Noticed an ogre
  3300 | D:4      | Reached XP level 6. HP: 36/51 MP: 8/8
  3407 | D:4      | Noticed Ijyb
  3545 | D:4      | Killed Ijyb
  3710 | D:4      | Reached skill level 8 in Axes
  3848 | D:4      | Noticed Edmund
  3955 | D:3      | Reached skill level 5 in Invocations
  3955 | D:3      | Reached XP level 7. HP: 9/57 MP: 10/10
  4233 | D:4      | Killed Edmund
  4413 | D:5      | Entered Level 5 of the Dungeon
  4464 | D:5      | Noticed Sigmund
  4494 | D:5      | Noticed Pikel
  4537 | D:5      | Killed Pikel
  4537 | D:5      | Reached skill level 9 in Axes
  4537 | D:5      | Reached XP level 8. HP: 44/64 MP: 11/13
  5010 | D:5      | Reached skill level 10 in Axes
  5205 | D:5      | Killed Sigmund
  5287 | D:5      | Found a burning altar of Makhleb.
  5289 | D:5      | Found a basalt altar of Yredelemnul.
  5289 | D:5      | Found an ancient bone altar of Kikubaaqudgha.
  5291 | D:5      | Found a glowing golden altar of the Shining One.
  5374 | D:5      | Noticed Menkaure
  5382 | D:5      | Killed Menkaure
  5382 | D:5      | Reached skill level 5 in Fighting
  5382 | D:5      | Reached skill level 11 in Axes
  5555 | D:6      | Noticed a hornet
  5597 | D:6      | Killed a hornet
  5597 | D:6      | Reached XP level 9. HP: 68/74 MP: 14/14
  6398 | D:6      | Reached skill level 12 in Axes
  6578 | D:6      | Found a staircase to the Ecumenical Temple.
  7297 | D:6      | Reached skill level 13 in Axes
  8440 | D:7      | Got a scorched ring mail
  8446 | D:7      | Reached XP level 10. HP: 83/86 MP: 15/15
  8510 | D:7      | Identified the +3 ring mail of Perfidy {rPois Str+2} (You
                  | found it on level 7 of the Dungeon)
  8538 | D:7      | Found a shadowy altar of Dithmenos.
  9035 | D:7      | Reached skill level 14 in Axes
  9280 | D:8      | Noticed Grum
  9587 | D:8      | Reached skill level 5 in Armour
  9689 | D:8      | Noticed Thantalas's ghost (novice MiCK)
  9736 | D:7      | Reached **** piety under Qazlal
  9909 | D:8      | Found a runed translucent gate.
  9909 | D:8      | Found a runed translucent gate.
  9914 | D:8      | Found a runed translucent gate.
 10724 | D:8      | Killed Grum
 11000 | D:8      | Found a staircase to the Lair.
 11084 | D:8      | Reached skill level 15 in Axes
 11099 | D:8      | Reached skill level 10 in Invocations
 11670 | D:9      | Noticed a two-headed ogre
 11677 | D:9      | Reached XP level 11. HP: 90/92 MP: 18/18
 11688 | D:9      | Killed a two-headed ogre
 12005 | D:9      | Found Ominoac's Antique Weapon Emporium.
 12219 | D:9      | Reached ***** piety under Qazlal
 12568 | D:10     | Entered Level 10 of the Dungeon
 12622 | D:10     | Noticed Joseph
 12701 | D:10     | Reached skill level 16 in Axes
 14296 | D:10     | Killed Joseph
 14544 | D:10     | Found a staircase to the Orcish Mines.
 14908 | D:11     | Noticed a cyclops
 14976 | D:11     | Killed a cyclops
 15267 | D:11     | Paralysed by a hornet for 3 turns
 15697 | D:11     | Reached XP level 12. HP: 99/102 MP: 21/21
 15707 | D:11     | You fall into a shaft and drop 2 floors!
 15763 | D:13     | Noticed a four-headed hydra
 15765 | D:13     | Noticed a centaur warrior
 15768 | D:13     | Killed a four-headed hydra
 15768 | D:13     | Reached skill level 17 in Axes
 15781 | D:13     | Killed a centaur warrior
 16302 | D:13     | Noticed a seven-headed hydra
 16307 | D:13     | Killed an eight-headed hydra
 16582 | D:12     | Noticed a two-headed ogre
 16589 | D:12     | Killed a two-headed ogre
 16589 | D:12     | Reached skill level 10 in Fighting
 16843 | D:11     | Reached ****** piety under Qazlal
 17391 | D:8      | Reached skill level 18 in Axes
 17393 | D:8      | Reached skill level 5 in Dodging
 17420 | D:8      | Killed Thantalas's ghost
 17501 | Lair:1   | Entered Level 1 of the Lair of Beasts
 17525 | Lair:1   | Noticed a six-headed hydra
 17531 | Lair:1   | Killed a six-headed hydra
 17531 | Lair:1   | Reached XP level 13. HP: 110/112 MP: 17/22
 19356 | Lair:2   | Found a staircase to the Shoals.
 19555 | Lair:2   | Slain by an 11-headed hydra

Levels and vault maps discovered:
D:1:      nzn_arrival_water_spiral, layout_loops_ring, minivault_11
D:2:      layout_loops_ring
D:3:      layout_loops_ring, first_ration, grunt_qazlal_clouds
D:4:      layout_rooms, uniq_ijyb, uniq_edmund, uniq_robin
D:5:      layout_loops_ring, minitemple, fountainhead, uniq_menkaure,
          uniq_pikel, uniq_sigmund
D:6:      cheibrodos_barr_body, layout_basic, minmay_temple_entry_poolview
D:7:      layout_cave_pods, grunt_dithmenos_smoke
D:8:      layout_cave_pods, minmay_lair_entry_grove, gammafunk_ghost_icy,
          uniq_grum
D:9:      layout_long_grid, serial_shops, nicolae_shop_trees,
          hangedman_pestilent_swarm, kennysheep_nondescript
D:10:     layout_basic, erik_orc_4, uniq_joseph
D:11:     layout_roguey, special_room [special_room_bee],
          chequers_serial_rivers_micro_c
D:12:     layout_loops_cross, amethyst_killhole
D:13:     layout_roguey
Lair:1:   layout_regular_city, beast_lair_carwin_10
Lair:2:   layout_roguey, minmay_shoals_entry_lonely_mermaid

Skill      XL: |  1  2  3  4  5  6  7  8  9 10 11 12 13 |
---------------+----------------------------------------+-----
Axes           | 5 6 7 8 9 11 13 15 16 18 | 18.7
Armour         | 1 2 3 5 6 8 9 |  9.1
Invocations    | 1 3 5 7 10 12 | 12.7
Fighting       | 5 7 8 10 | 10.0
Dodging        | 5 6 |  6.0
Stealth        | |  1.5

Action                   |  1- 3 |  4- 6 |  7- 9 | 10-12 | 13-15 || total
-------------------------+-------+-------+-------+-------+-------++-------
Melee: Hand axe          |   180 |   273 |   456 |   153 |       ||  1062
       Unarmed           |       |     3 |       |       |       ||     3
       Battleaxe         |       |       |       |   697 |    82 ||   779
Invok: Upheaval          |       |     4 |     2 |     7 |     4 ||    17
  Use: Potion            |       |     1 |     4 |     3 |       ||     8
       Scroll            |       |     1 |     6 |    11 |       ||    18
 Stab: Sleeping          |     2 |       |       |       |       ||     2
  Eat: Chunk             |     2 |     7 |    13 |    26 |     6 ||    54
       Ration            |       |       |     1 |     1 |       ||     2
Armor: Robe              |     8 |       |       |       |       ||     8
       Scale mail        |    42 |    95 |   123 |       |       ||   260
       Skin              |       |       |    23 |       |       ||    23
       Ring mail         |       |       |       |   211 |    25 ||   236
Dodge: Dodged            |    72 |   127 |   168 |   364 |    70 ||   801
       Deflected         |       |       |       |    15 |       ||    15
Block: Other             |       |    20 |    44 |   192 |    32 ||   288

Table legend:
 A = Non-vault XP
 B = Vault XP
 C = Vault XP percentage of total XP
 D = Non-vault monster count
 E = Vault monster count
 F = Vault count percentage of total count
                 A         B        C        D         E       F
            +---------+---------+-------+---------+---------+-------
      Total |   30138 |   11267 |  27.2 |     386 |     110 |  22.2
            +---------+---------+-------+---------+---------+-------
        D:1 |      56 |       0 |   0.0 |      29 |       0 |   0.0
        D:2 |      55 |       0 |   0.0 |      22 |       0 |   0.0
        D:3 |     142 |       5 |   3.4 |      34 |       3 |   8.1
        D:4 |     310 |     236 |  43.2 |      19 |      12 |  38.7
        D:5 |     377 |     991 |  72.4 |      10 |       3 |  23.1
        D:6 |    1290 |     730 |  36.1 |      23 |      11 |  32.4
        D:7 |    1176 |     380 |  24.4 |      35 |       3 |   7.9
        D:8 |    1313 |    3203 |  70.9 |      35 |      24 |  40.7
        D:9 |    2595 |     378 |  12.7 |      27 |       4 |  12.9
       D:10 |    1900 |    1109 |  36.9 |      29 |      16 |  35.6
       D:11 |    4110 |    1854 |  31.1 |      56 |      26 |  31.7
       D:12 |    2784 |       0 |   0.0 |      16 |       0 |   0.0
       D:13 |    6371 |       0 |   0.0 |      22 |       0 |   0.0
     Lair:1 |    5826 |    1891 |  24.5 |      19 |       7 |  26.9
     Lair:2 |    1833 |     490 |  21.1 |      10 |       1 |   9.1
            +---------+---------+-------+---------+---------+-------
